 Dungeon Crawl Stone Soup version 0.19.1 (webtiles) character file.

1855 kae the Slasher (level 9, -8/71 HPs)
             Began as a Formicid Fighter on Dec 25, 2016.
             Was a Follower of Okawaru.
             Mangled by an orc warrior
             ... wielding a +1 broad axe of chopping
              (19 damage)
             ... on level 7 of the Dungeon.
             The game lasted 00:06:09 (6287 turns).

kae the Slasher (Formicid Fighter)                  Turns: 6287, Time: 00:06:10

Health: -8/71      AC: 12    Str: 24    XL:     9   Next: 34%
Magic:  9/9        EV: 10    Int:  8    God:    Okawaru [*.....]
Gold:   336        SH: 12    Dex: 10    Spells: 0 memorised, 8 levels left

rFire  . . .     SeeInvis +     a - +1 long sword (protect)
rCold  . . .     Gourm    .     j - -1 ring mail (curse)
rNeg   . . .     Faith    .     c - +1 shield
rPois  .         Spirit   .     (helmet unavailable)
rElec  .         Reflect  .     (no cloak)
rCorr  +         Harm     .     (no gloves)
MR     .....                    (no boots)
Stlth  ..........               (no amulet)
                                (no ring)
                                t - ring of resist corrosion

@: protection aura
A: permanent stasis, dig shafts and tunnels, four strong arms, antennae 3
a: Dig, Shaft Self, Heroism, Renounce Religion


You were on level 7 of the Dungeon.
You worshipped Okawaru.
Okawaru was aware of your devotion.
You were near starving.

You visited 2 branches of the dungeon, and saw 8 of its levels.

You collected 336 gold pieces.

Inventory:

Hand Weapons
 a - a +1 long sword of protection (weapon)
 y - a +0 falchion of draining
Armour
 b - a +0 scale mail
 c - a +1 shield (worn)
 j - a cursed -1 ring mail (worn)
 z - a +0 chain mail of poison resistance
Jewellery
 t - a ring of resist corrosion (left hand)
Scrolls
 h - 2 scrolls of magic mapping
 m - 2 scrolls of remove curse
 q - a scroll of enchant weapon
 r - 2 scrolls of immolation
 v - a scroll of enchant armour
 x - 3 scrolls of fog
 C - a scroll of recharging
Potions
 d - 2 potions of might
 e - 2 potions of curing
 o - 3 potions of heal wounds
 p - a potion of magic
 s - 2 potions of berserk rage
 u - 2 potions of mutation
 w - 2 potions of lignification
 B - a potion of cancellation {unknown}
 D - a potion of resistance {unknown}
Comestibles
 f - 6 bread rations
 g - 2 beef jerkies
 i - a meat ration
 k - 8 fruits
 l - 2 slices of pizza


   Skills:
 + Level 6.5 Fighting
 * Level 7.5 Long Blades
 + Level 6.5 Armour
 + Level 7.2 Shields


You had 8 spell levels left.
You didn't know any spells.

Dungeon Overview and Level Annotations

Branches:
Dungeon (7/15)             Temple (1/1) D:5

Altars:
Cheibriados
Elyvilon
Fedhas
Gozag
Hepliaklqana
Kikubaaqudgha
Makhleb
Nemelex Xobeh
Okawaru
Qazlal
Sif Muna
Trog
Vehumet
Xom
Yredelemnul
Zin
The Shining One

Annotations:
D:6 1 runed door


Innate Abilities, Weirdness & Mutations

You are under a permanent stasis effect.
You can dig through walls and to a lower floor.
Your four strong arms can wield two-handed weapons with a shield.
You have a pair of large antennae on your head. (SInv)


Message History

You barely miss the orc warrior.
The orc warrior is heavily wounded.
You block the orc warrior's attack.
You barely miss the orc warrior.
The orc warrior is heavily wounded.
You barely miss the orc warrior.
The orc warrior is heavily wounded.
The orc warrior hits you but does no damage.
You closely miss the orc warrior.
The orc warrior is heavily wounded.
You block the orc warrior's attack.
You barely miss the orc warrior.
The orc warrior is heavily wounded.
The orc warrior hits you with a broad axe of chopping!!
* * * LOW HITPOINT WARNING * * *
x2 You hit the orc warrior.
Your weapon exudes an aura of protection.
The orc warrior is heavily wounded.
The orc warrior hits you with a broad axe of chopping!!
You die...

##.# #.#####...#
..[## #.........#
#...####......##.. #
#...##.......# #.# #
#...####..## #.#####
##.## ##..# #..##..
..###...# ##.##
#..... #.......##
#...####..<##
###.....@#
#..##..#..####
#.#...o)..##
##....###.
#..##..#...#
#.....#.. ##
##.#................
###....###.....#...
##...# ###...###.
##.. ....# ## ...
..#..# .....#


You could see an orc warrior.

Vanquished Creatures
  Grinder (D:3)
  A hungry ghost (D:4)
  A water moccasin (D:6)
  Duvessa (D:5)
  An orc warrior (D:6)
  2 ogres
  A big kobold (D:5)
  Dowan (D:5)
  A scorpion (D:4)
  3 howler monkeys
  2 crimson imps
  4 hounds
  3 orc wizards (D:6)
  Jessica (D:2)
  Terence (D:3)
  2 iguanas
  3 worker ants
  Natasha (thrice) (D:3)
  A killer bee zombie (D:3)
  A howler monkey zombie (D:6)
  Robin (D:3)
  3 gnolls (D:4)
  5 adders
  An ooze (D:5)
  3 worms
  2 dart slugs
  5 leopard geckos
  14 orcs
  6 giant cockroaches
  20 goblins
  9 hobgoblins
  12 jackals
  5 quokkas
  A ball python (D:3)
  6 bats
  8 frilled lizards
  A jackal zombie (D:3)
  8 kobolds
  A quokka zombie (D:5)
  8 rats
  A plant (D:1)
154 creatures vanquished.

Notes
Turn   | Place    | Note
-------+----------+-------------------------------------------
     0 | D:1      | kae the Formicid Fighter began the quest for the Orb.
     0 | D:1      | Reached XP level 1. HP: 18/18 MP: 1/1
   326 | D:1      | Reached XP level 2. HP: 20/24 MP: 2/2
   453 | D:1      | Reached XP level 3. HP: 29/29 MP: 3/3
  1042 | D:2      | Noticed Jessica
  1055 | D:2      | Killed Jessica
  1055 | D:2      | Reached XP level 4. HP: 32/36 MP: 4/4
  1483 | D:3      | Found a radiant altar of Vehumet.
  1490 | D:3      | Noticed Grinder
  1505 | D:3      | Killed Grinder
  1505 | D:3      | Reached XP level 5. HP: 13/43 MP: 5/5
  1505 | D:3      | Reached XP level 6. HP: 15/49 MP: 6/6
  1738 | D:3      | Noticed Terence
  1748 | D:3      | Killed Terence
  1824 | D:3      | Found a sparkling altar of Nemelex Xobeh.
  1877 | D:3      | Noticed Natasha
  1880 | D:3      | Killed Natasha
  1912 | D:3      | Noticed Robin
  1949 | D:3      | Reached XP level 7. HP: 54/55 MP: 7/7
  1962 | D:3      | Killed Robin
  1962 | D:3      | Reached skill level 5 in Shields
  2086 | D:3      | Noticed Natasha
  2092 | D:3      | Killed Natasha
  2120 | D:3      | Noticed Natasha
  2124 | D:3      | Killed Natasha
  2986 | D:4      | Reached skill level 5 in Long Blades
  2986 | D:4      | Reached skill level 5 in Armour
  3336 | D:4      | Reached skill level 5 in Fighting
  3429 | D:4      | Reached XP level 8. HP: 60/62 MP: 8/8
  4029 | D:5      | Entered Level 5 of the Dungeon
  4029 | D:5      | Found a staircase to the Ecumenical Temple.
  4058 | Temple   | Entered the Ecumenical Temple
  4205 | Temple   | Became a worshipper of Warmaster Okawaru
  4465 | D:5      | Noticed Duvessa
  4467 | D:5      | Noticed Dowan
  4476 | D:5      | Killed Duvessa
  4492 | D:5      | Killed Dowan
  4909 | D:5      | Found a blossoming altar of Fedhas.
  4953 | D:6      | Found a burning altar of Makhleb.
  4965 | D:6      | Reached XP level 9. HP: 68/69 MP: 9/9
  5262 | D:6      | Reached * piety under Okawaru
  5659 | D:6      | Found a faded altar of an unknown god.
  5659 | D:6      | Found a faded altar of an unknown god.
  5664 | D:6      | Found a faded altar of an unknown god.
  5666 | D:6      | Found a basalt altar of Yredelemnul.
  5668 | D:6      | Found a faded altar of an unknown god.
  5698 | D:6      | Found a runed door.
  5699 | D:6      | Found a white marble altar of Elyvilon.
  5699 | D:6      | Noticed an angel
  6287 | D:7      | Mangled by an orc warrior

Skill      XL: |  1  2  3  4  5  6  7  8  9 |
---------------+----------------------------+-----
Shields        | 4 5 6 7 |  7.2
Long Blades    | 3 4 5 6 7 |  7.5
Armour         | 4 5 6 |  6.5
Fighting       | 4 5 6 |  6.5

Action                   |  1- 3 |  4- 6 |  7- 9 || total
-------------------------+-------+-------+-------++-------
Melee: Long sword        |    97 |   108 |   270 ||   475
       Falchion          |       |       |   132 ||   132
 Abil: Dig               |     1 |     1 |       ||     2
  Use: Scroll            |     4 |     6 |     8 ||    18
       Potion            |       |       |     1 ||     1
  Eat: Chunk             |       |     3 |    15 ||    18
Armor: Scale mail        |    39 |    22 |       ||    61
       Ring mail         |       |    11 |    99 ||   110
Dodge: Dodged            |    26 |    32 |   121 ||   179
Block: Shield            |    31 |    47 |   238 ||   316
       Rpst.: Long sword |     9 |     8 |    26 ||    43
       Falchion          |       |       |    10 ||    10
